 Dungeon Crawl Stone Soup version 0.18-a0-1788-g92de1ac (webtiles) character file.

249 Etesian the Insei (level 6, -6/46 HPs)
             Began as a Merfolk Transmuter on Apr 21, 2016.
             Mangled by a centaur
             ... wielding a +0 falchion
              (8 damage)
             ... on level 4 of the Dungeon.
             The game lasted 00:07:12 (3815 turns).

Etesian the Insei (Merfolk Transmuter)              Turns: 3815, Time: 00:07:13

Health: -6/46      AC:  2    Str: 11    XL:     6   Next: 12%
Magic:  7/10       EV: 13    Int: 14    God:
Gold:   126        SH:  0    Dex: 14    Spells: 3 memorised, 1 level left

rFire  . . .     SeeInvis .       - Unarmed
rCold  . . .     Gourm    .     b - +0 robe
rNeg   . . .     Faith    .     (no shield)
rPois  .         Spirit   .     (no helmet)
rElec  .         Dismiss  .     (no cloak)
rCorr  .         Reflect  .     (no gloves)
SustAt .         Harm     .     (no boots)
MR     .....                    (no amulet)
Stlth  +.........               (no ring)
                                (no ring)

@: very slightly contaminated, not resistant to hostile enchantments, very
unstealthy
A: change form in water, swift swim
a: no special abilities


You were on level 4 of the Dungeon.
You were hungry.

You visited 1 branch of the dungeon, and saw 4 of its levels.

You collected 126 gold pieces.

Inventory:

Missiles
 a - 14 arrows
Armour
 b - a +0 robe (worn)
Scrolls
 g - a scroll of blinking
 j - a scroll of fear
Potions
 e - a potion of invisibility
 f - 2 potions of might
 k - a potion of heal wounds
 m - 2 potions of curing
Books
 c - a book of Changes

   Spells                             Type                      Level
   a - Beastly Appendage              Transmutation                1
   b - Sticks to Snakes               Transmutation                2
   c - Spider Form                    Transmutation/Poison         3
   d - Ice Form                       Ice/Transmutation            4
   e - Blade Hands                    Transmutation                5
Comestibles
 d - 2 bread rations
 h - a meat ration
 i - a beef jerky
 l - 3 chunks of flesh


   Skills:
 + Level 2.7 Fighting
 + Level 3.7 Dodging
 * Level 4.8 Unarmed Combat
 + Level 2.8 Spellcasting
 * Level 4.7 Transmutations


You had one spell level left.
You knew the following spells:

 Your Spells              Type           Power        Failure   Level  Hunger
a - Beastly Appendage     Trmt           ###...       3%          1    #......
b - Spider Form           Trmt/Pois      #.........   24%         3    ###....
c - Blade Hands           Trmt           ###.......   89%         5    ######.


Dungeon Overview and Level Annotations

Branches:
Dungeon (4/15)
 Temple: D:4-7

Altars:
Fedhas
Pakellas
Ru


Message History

You hit the centaur.
The centaur is lightly wounded.
The centaur unwields an uncursed shortbow.
The centaur wields an uncursed falchion.
The centaur closely misses you.
You punch the centaur!
The centaur is heavily wounded.
The centaur barely misses you.
The centaur hits you with an uncursed falchion.
* * * LOW HITPOINT WARNING * * *
You take 4 damage, and have 3/46 hp.
You hit the centaur.
The centaur is heavily wounded.
The centaur hits you with an uncursed falchion.
* * * LOW HITPOINT WARNING * * *
You take 2 damage, and have 1/46 hp.
You completely miss the centaur. You punch the centaur.
The centaur is severely wounded.
The centaur hits you with an uncursed falchion!
You die...

# #......#.#c#.#########.#.
# #.>....#.#.#....().......
# #......#.#(#.#..#........
#
#....รท.#.#(###..#(#......
# #......#.#.(....#(#......
# +......#.####c...........
#
###......#.................
#.#
#...........c######.#......
#.# #.#...######@#
#.#.....# #.# #
#....#####.# #........ #.#
#.......##.# ###$##### #.#
#..PPP.P##.# .. #.#
#..P.P.P##.# .. #.#
##.PP_PP##.#
#<#####..PPPP.##..
#>........PP .####
......##.......


You could see a centaur.

Vanquished Creatures
  A hound (D:4)
  Terence (D:2)
  2 worker ants (D:4)
  4 adders
  3 oozes
  3 worms (D:2)
  2 dart slugs
  4 giant geckos
  4 orcs (D:3)
  A ball python (D:1)
  2 giant cockroaches
  11 goblins
  7 hobgoblins
  6 jackals (D:4)
  A quokka (D:2)
  5 bats
  3 giant newts
  6 kobolds
  12 rats
78 creatures vanquished.

Vanquished Creatures (others)
  A fungus (D:1)
1 creature vanquished.

Grand Total: 79 creatures vanquished

Notes
Turn   | Place    | Note
--------------------------------------------------------------
     0 | D:1      | Etesian the Merfolk Transmuter began the quest for the Orb.
     0 | D:1      | Reached XP level 1. HP: 15/15 MP: 3/3
   136 | D:1      | Reached XP level 2. HP: 2/21 MP: 3/5
   789 | D:1      | Reached XP level 3. HP: 20/27 MP: 6/6
   797 | D:1      | Learned a level 3 spell: Spider Form
  1189 | D:2      | Noticed Terence
  1219 | D:2      | Killed Terence
  1302 | D:2      | Reached XP level 4. HP: 30/33 MP: 7/7
  1373 | D:2      | Found a sacrificial altar of Ru.
  2412 | D:3      | Reached XP level 5. HP: 36/39 MP: 6/8
  2607 | D:3      | Learned a level 5 spell: Blade Hands
  2667 | D:3      | Found an oddly glowing altar of Pakellas.
  3443 | D:4      | Noticed a centaur
  3600 | D:4      | Found a blossoming altar of Fedhas.
  3619 | D:4      | Reached XP level 6. HP: 36/46 MP: 10/10
  3814 | D:4      | HP: 1/46 [centaur/uncursed falchion (2)]
  3815 | D:4      | Mangled by a centaur

Vault maps used:
D:1:      tarquinn_simple_flora_water_f, minivault_27
D:2:      old_standard_altar, st_stairs_14, wad_floor_pattern_untrapped,
          minivault_24, uniq_terence
D:3:      lemuel_round_altar
D:4:      lemuel_zombie_altar_yredelemnul, fedhas_bush_and_centaur_altar

Skill      XL: |  1  2  3  4  5 |
---------------+----------------+-----
Transmutations | 3 4 |  4.7
Unarmed Combat | 4 |  4.8
Fighting       | 2 |  2.7
Dodging        | 3 |  3.7
Spellcasting   | |  2.8

Action                   |  1- 3 |  4- 6 || total
-------------------------+-------+-------++-------
Melee: Unarmed           |    96 |   175 ||   271
       Punch             |     3 |     5 ||     8
       Headbutt          |       |    14 ||    14
 Cast: Beastly Appendage |     6 |    17 ||    23
       Spider Form       |     2 |     1 ||     3
  Use: Scroll            |       |     9 ||     9
       Potion            |       |     1 ||     1
 Stab: Sleeping          |       |     2 ||     2
  Eat: Chunk             |     2 |     8 ||    10
Armor: Robe              |    13 |    21 ||    34
       Skin              |     1 |       ||     1
Dodge: Dodged            |    69 |   151 ||   220
